 Dungeon Crawl Stone Soup version 0.27.1 (webtiles) character file.

Game seed: 11611093027532565657

4 Atelerd the Digger (level 1, 0/11 HPs)
             Began as an Octopode Earth Elementalist on Sept 1, 2021.
             Slain by a quokka (2 damage)
             ... on level 1 of the Dungeon.
             The game lasted 00:00:24 (48 turns).

Atelerd the Digger (Octopode Earth Elementalist)      Turns: 48, Time: 00:00:25

Health: 0/11       AC:  1    Str:  7    XL:     1   Next: 60%
Magic:  0/3        EV: 13    Int: 17    God:
Gold:   0          SH:  0    Dex: 12    Spells: 3/4 levels left

rFire    . . .     SeeInvis .   (no weapon)
rCold    . . .     Faith    .   (no shield)
rNeg     . . .     Spirit   .   (helmet restricted)
rPois    .         Reflect  .   (no amulet)
rElec    .         Harm     .   (no ring)
rCorr    .         Rampage  .   (no ring)
Will     .....                  (no ring)
Stlth    +++.......             (no ring)
HPRegen  0.03/turn              (no ring)
MPRegen  0.08/turn              (no ring)
                                (no ring)
                                (no ring)

@: very slightly contaminated
A: almost no armour, amphibious, 8 rings, camouflage 1, gelatinous body 1,
(nimble swimmer 1), tentacles
a: no special abilities


You were on level 1 of the Dungeon.
You visited 1 branch of the dungeon, and saw 1 of its levels.

Inventory:

Missiles
 b - 29 stones
Potions
 a - a potion of mutation {unknown}
 c - a potion of haste {unknown}


   Skills:
 - Level 2.0 Dodging
 + Level 2.8 Stealth
 + Level 2.0 Spellcasting
 + Level 1.1 Transmutations
 + Level 3.0 Earth Magic


You had 3 spell levels left.
You knew the following spells:

 Your Spells              Type           Power      Damage    Failure   Level
a - Sandblast             Erth           24%        2d8       5%          1

Your spell library contained the following spells:

 Spells                   Type           Power      Damage    Failure   Level
 Passwall                 Tmut/Erth      6%         N/A       12%         2
 Stone Arrow              Conj/Erth      14%        3d7       30%         3
 Petrify                  Tmut/Erth      8%         N/A       63%         4
 Olgreb's Toxic Radiance  Pois           1%         N/A       88%         4
 Ozocubu's Refrigeration  Ice            0%         4d5       100%        7
 Ignition                 Fire           0%         3d3       100%        8


Dungeon Overview and Level Annotations

Branches:
Dungeon (1/15)

Altars:


Innate Abilities, Weirdness & Mutations

You cannot wear most types of armour.
You are amphibious.
You can wear up to eight rings at the same time.
Your skin changes colour to match your surroundings (Stealth+).
Your rubbery body absorbs attacks. (AC +1, EV +1)
((You are camouflaged near water. (Stealth+)))
You have tentacles for arms and can constrict up to eight enemies at once.


Message History

Unknown command.
You are too injured to fight recklessly!
You are too injured to fight recklessly!
You are too injured to fight recklessly!
You are too injured to fight recklessly!
You are too injured to fight recklessly!
You tentacle-slap the jackal. Your grab misses the jackal.
The jackal is moderately wounded.
The jackal closely misses you.
You tentacle-slap the jackal. You grab the jackal. You squeeze the jackal.
The jackal is severely wounded.
You constrict the jackal, but do no damage.
The jackal bites you.
* * * LOW HITPOINT WARNING * * *
The jackal bites you.
* * * LOW HITPOINT WARNING * * *
Unknown command.
You tentacle-slap the jackal but do no damage.
The jackal is severely wounded.
You constrict the jackal. The jackal closely misses you.
You tentacle-slap the jackal but do no damage.
The jackal is almost dead.
You constrict the jackal.
You kill the jackal!
A bat comes into view.
The quokka barely misses you.
Unknown command.
Unknown command.
Press: ? - help, v - describe, . - travel
Here: a quokka The floor.
Unknown command.
You tentacle-slap the quokka but do no damage.
You grab the quokka. You constrict the quokka.
The quokka completely misses you.
Unknown command.
You tentacle-slap the quokka.
The quokka is heavily wounded.
You constrict the quokka. The quokka bites you.
You die...
PPPPPPPP.PPPPPPPP.....

##.###...########.####
#..## .# #.## # #.#
#.# #.# #.# #@# #r#
#h# ... ##.## ... ...
... ..b#.


You could see a quokka and a jackal.

Vanquished Creatures
  3 jackals (D:1)
3 creatures vanquished.

Notes
Turn   | Place    | Note
-------+----------+-------------------------------------------
     0 | D:1      | Atelerd the Octopode Earth Elementalist began the quest for
                  | the Orb.
     0 | D:1      | Reached XP level 1. HP: 11/11 MP: 3/3
    48 | D:1      | Slain by a quokka

Illustrated notes

Levels and vault maps discovered:
D:1:      roderic_crop_circles_arrival_small, layout_loops_ring

Action                   || total
-------------------------++-------
Melee: Unarmed           ||    13
       Constrict         ||     4
       Tentacles         ||     2
 Cast: Sandblast         ||     1
Dodge: Dodged            ||    11
